 Dungeon Sprint DCSS version 0.19.1 (webtiles) character file.

0 KingBobo974 the Cutter (level 1, -3/14 HPs)
             Began as a Kobold Berserker on Dec 15, 2016.
             Was a Follower of Trog.
             Slain by Terence
             ... wielding a +2 flail of protection
              (13 damage)
             ... in the Dungeon (Sprint VI: "Thunderdome").
             The game lasted 00:01:34 (95 turns).

KingBobo974 the Cutter (Kobold Berserker)             Turns: 95, Time: 00:01:34

Health: -3/14      AC:  3    Str: 11    XL:     1   Next: 33%
Magic:  1/1        EV: 16    Int:  8    God:    Trog [*.....]
Gold:   15         SH:  0    Dex: 14    Spells: 0 memorised, 0 levels left

rFire  . . .     SeeInvis .     a - +0 short sword
rCold  . . .     Gourm    .     n - +1 animal skin of Ybbakaad {rElec MR+++ Regen+ Str-3}
rNeg   . . .     Faith    .     (shield restricted)
rPois  .         Spirit   .     (no helmet)
rElec  +         Reflect  .     (no cloak)
rCorr  .         Harm     .     (no gloves)
MR     +++..     NoTele   +     (no boots)
Stlth  +.........               (no amulet)
                                (no ring)
                                (no ring)

@: no status effects
A: carnivore 3
a: Berserk, Burn Spellbooks, Renounce Religion


You were in the Dungeon.
You worshipped Trog.
Trog was aware of your devotion.
You were not hungry.

You visited 1 branch You collected 200 gold pieces.
You spent 185 gold pieces at shops.

Inventory:

Hand Weapons
 a - a +0 short sword (weapon)
Armour
 b - a +0 animal skin
 n - the +1 animal skin of Ybbakaad (worn) {rElec MR+++ Regen+ Str-3}
   (You bought it in a shop in the Dungeon)

   It affects your strength (-3).
   It insulates you from electricity.
   It affects your resistance to hostile enchantments.
   It increases your rate of regeneration.
Wands
 k - a wand of acid (5/15)
 l - a wand of iceblast (5/15)
Scrolls
 i - 4 scrolls of blinking
 m - 3 scrolls of fog
Potions
 d - a potion of curing
 e - 4 potions of heal wounds
 f - 4 potions of haste
 g - 2 potions of magic
 h - a potion of berserk rage
 j - 2 potions of resistance
Comestibles
 c - a meat ration


   Skills:
 - Level 3.2 Fighting
 * Level 4.7 Short Blades
 - Level 1.5 Armour
 * Level 3.2 Dodging


You couldn't memorise any spells.
You didn't know any spells.

Dungeon Overview and Level Annotations

Branches:
Dungeon (1/1)

Altars:
Cheibriados
Dithmenos
Fedhas
Gozag
Kikubaaqudgha
Makhleb
Okawaru
Qazlal
Ru
Sif Muna
Trog
Uskayaw
Xom
Yredelemnul
Zin
The Shining One
Beogh
Jiyva

Shops:
D *[%?**[(!!!!

Annotations:
D Terence


Innate Abilities, Weirdness & Mutations

You are small and have problems with some larger weapons.
You are carnivorous and can eat meat at any time.


Message History

Trog accepts your kill.
Found a viscous altar of Jiyva.
Found a hide-covered altar of Uskayaw.
Terence misses you.
Found a roughly hewn altar of Beogh.
You hit Terence but do no damage. Terence completely misses you.
You barely miss Terence. You hit Terence but do no damage.
Terence hits you with a flail of protection.
You barely miss Terence. Terence misses you.
You hit Terence.
Terence is lightly wounded.
Terence hits you with a flail of protection.
You closely miss Terence.
Terence is lightly wounded.
You hit Terence but do no damage.
Terence is lightly wounded.
Terence hits you with a flail of protection!
Ouch! That really hurt!
You die...

......._# ......._#
......._# ###.........###
#⌠...........⌠#
######.8.........8.######
#∩___......# #.@....___∩#
∩........8. #.8@.......∩
...........###...........
........# #...###........
........# #.<.# #........
........###...###........
...........###...........
∩........8.# #.8........∩
#∩___......###......___∩#
######.8.........8.######


You could see Terence.

Vanquished Creatures
  A goblin (D)
  A rat (D)
2 creatures vanquished.

Notes
Turn   | Place    | Note
-------+----------+-------------------------------------------
     0 | D        | KingBobo974 the Kobold Berserker began the quest for the Orb.
     0 | D        | Reached XP level 1. HP: 14/14 MP: 1/1
     4 | D        | Found a snail-covered altar of Cheibriados.
     5 | D        | Found a shadowy altar of Dithmenos.
     5 | D        | Found a shimmering altar of Xom.
     5 | D        | Round 1.
     6 | D        | Found a glowing golden altar of the Shining One.
     6 | D        | Found a deep blue altar of Sif Muna.
     7 | D        | Found Gepeti's Identification Station.
     7 | D        | Found a burning altar of Makhleb.
     7 | D        | Found a sacrificial altar of Ru.
     7 | D        | Found Owieniuch's Bee Food.
     8 | D        | Found Korot's Advanced Armour.
     8 | D        | Found Jacautye's Jewellery.
    17 | D        | Bought a steaming animal skin for 185 gold pieces
    27 | D        | Identified the +1 animal skin of Ybbakaad {rElec MR+++ Regen+ Str-3} (You bought it in a shop in the Dungeon)
    33 | D        | Found Waciec's Premium Goods.
    35 | D        | Found an ancient bone altar of Kikubaaqudgha.
    35 | D        | Found a blossoming altar of Fedhas.
    35 | D        | Found Ineutako's Weapon Rack.
    37 | D        | Found Mischepn's Miscellaneous Merchandise.
    37 | D        | Found Xutteisoe's Basic Armour.
    63 | D        | Found an opulent altar of Gozag.
    64 | D        | Found a basalt altar of Yredelemnul.
    72 | D        | Found a glowing silver altar of Zin.
    73 | D        | Found Jarrogimp's Do-It-Yourself Clinic.
    73 | D        | Found a bloodstained altar of Trog.
    73 | D        | Found an iron altar of Okawaru.
    73 | D        | Found a stormy altar of Qazlal.
    73 | D        | Found Oczuul's Distillery.
    74 | D        | Found Higotorch's Bottled Wisdom.
    74 | D        | Found Kuushih's Distillery.
    85 | D        | Noticed Terence
    86 | D        | Found a viscous altar of Jiyva.
    87 | D        | Found a hide-covered altar of Uskayaw.
    88 | D        | Found a roughly hewn altar of Beogh.
    95 | D        | Slain by Terence

Skill      XL: |  1 |
---------------+----+-----
Dodging        | 3 |  3.2
Fighting       | |  3.2
Short Blades   | |  4.7
Armour         | |  1.5

Action                   || total
-------------------------++-------
Melee: Short sword       ||    15
Armor: Animal skin       ||     1
Dodge: Dodged            ||     8
